AoeStats
← Perro_Muchachev

Arabia

503464292Analyzed
1v1 RM · 1mo ago on Aug 31, 2026· 39m 15s· 2 players
Game mode
Random Map
Map size
Tiny (2 player)
Population
200
Speed
Normal
Resources
Standard
Victory
Conquest
Starting age
Dark Age
Ending age
Imperial Age
RankedLock teamsTeams togetherTeam positionsShared explorationLock speedFull tech treeHidden civsTurbo modeCheats
Victory
Defeat
🇩🇪 Vietnamese · Germany
1742
+14
🇪🇸 Mongols · Spain
1699
-14
Perro_Muchachev
6:47 Loom
8:45 Feudal Age
10:17 Double-Bit Axe
19:49 Castle Age
17:54 Gold Mining
18:10 Horse Collar
18:49 Padded Archer Armor
20:42 Bow Saw
21:01 Fletching
21:53 Bodkin Arrow
21:51 Elite Skirmisher
26:48 Ballistics
30:15 Leather Archer Armor
31:34 Wheelbarrow
30:44 Town Watch
35:38 Imperial Age
37:05 Bracer
38:31 Chemistry
37:51 Stone Mining
38:37 Gold Shaft Mining
38:34 Thumb Ring
Jesse Pikeman
8:51 Feudal Age
8:01 Loom
9:23 Double-Bit Axe
17:01 Wheelbarrow
19:53 Castle Age
17:58 Horse Collar
18:23 Fletching
19:10 Gold Mining
19:58 Crossbowman
20:34 Bodkin Arrow
20:53 Bow Saw
20:44 Heavy Plow
23:59 Hand Cart
26:41 Town Watch
26:48 Stone Mining
29:57 Ballistics
30:30 Squires
30:33 Scale Mail Armor
31:49 Chain Mail Armor
36:02 Imperial Age
35:20 Padded Archer Armor
36:18 Leather Archer Armor
35:28 Elite Skirmisher
37:45 Chemistry
36:17 Imperial Skirmisher
37:41 Bracer
38:12 Ring Archer Armor
39:07 Hoardings
Connection lost

Rejoining the realm…

Still unreachable

The connection could not be restored.

Session expired

The server has moved on; the page needs a fresh start.